 Dungeon Crawl Stone Soup version 0.28.0-45-g0d030f2227 (webtiles) character file.

Game seed: 13701871459558682611

429 Descartes the Ruffian (level 6, -14/59 HPs)
             Began as a Troll Warper on Apr 5, 2022.
             Was a Believer of the Shining One.
             Demolished by an ogre
             ... wielding a +0 giant club
              (15 damage)
             ... on level 4 of the Dungeon.
             The game lasted 00:04:26 (2221 turns).

Descartes the Ruffian (Troll Warper)                Turns: 2221, Time: 00:04:27

Health: -14/59     AC:  4    Str: 20    XL:     6   Next: 66%
Magic:  6/6        EV: 10    Int: 11    God:    the Shining One [**....]
Gold:   187        SH:  0    Dex:  9    Spells: 7/7 levels left

rFire   . . .      SeeInvis .     - Unarmed
rCold   . . .      Faith    .   (no shield)
rNeg    + . .      Spirit   .   a - +0 robe
rPois   .          Reflect  .   (helmet restricted)
rElec   .          Harm     .   (no cloak)
rCorr   .          Rampage  .   (gloves unavailable)
Will    .....                   (boots unavailable)
Stlth   +.........              (no amulet)
HPRegen 0.99/turn               (no ring)
MPRegen 0.10/turn               (no ring)

@: lethally poisoned (-14 -> -15), hasted, glowing, very quick
A: large, unfitting armour, claws 3, regeneration 1, shaggy fur 1, tough skin 1
a: Renounce Religion, Divine Shield


You were on level 4 of the Dungeon.
You worshipped the Shining One.
The Shining One was pleased with you.
You visited 1 branch of the dungeon, and saw 5 of its levels.

You collected 187 gold pieces.

Inventory:

Missiles
 c - 5 boomerangs of dispersal (quivered)
 d - 131 stones
 l - 2 datura-tipped darts
Armour
 a - a +0 robe (worn)
 r - the +2 hat "Juun Mesh" {Fly rF+ rC+ Will-}
   (You found it on level 4 of the Dungeon)

   rF:        It protects you from fire.
   rC:        It protects you from cold.
   Fly:       It grants you flight.
   Will:      It decreases your willpower.
Jewellery
 g - an amulet of faith
Scrolls
 b - 2 scrolls of blinking
 e - a scroll of immolation {unknown}
 h - 2 scrolls of identify {unknown}
 k - 2 scrolls of vulnerability {unknown}
 n - 2 scrolls of noise {unknown}
 p - a scroll of fog {unknown}
 s - a scroll of torment {unknown}
 t - a scroll of teleportation {unknown}
 u - a scroll of summoning {unknown}
Potions
 f - 2 potions of haste
 i - 2 potions of cancellation {unknown}
 j - a potion of resistance {unknown}
 m - 2 potions of curing {unknown}
 o - a potion of heal wounds {unknown}
 q - a potion of lignification {unknown}


   Skills:
 + Level 2.6 Fighting
 + Level 2.4 Throwing
 + Level 2.8 Dodging
 + Level 1.6 Shields
 * Level 4.2 Unarmed Combat
 - Level 1.2 Spellcasting
 + Level 2.9 Translocations


You had 7 spell levels left.
You didn't know any spells.
Your spell library contained the following spells:

 Spells                   Type           Power      Damage    Failure   Level
 Blink                    Tloc           14%        N/A       14%         2
 Gell's Gravitas          Tloc           7%         N/A       28%         3
 Lesser Beckoning         Tloc           7%         N/A       28%         3
 Teleport Other           Tloc           7%         N/A       28%         3
 Manifold Assault         Tloc           7%         N/A       95%         5


Dungeon Overview and Level Annotations

Branches:
Dungeon (5/15)
 Temple: D:4-7

Altars:
Ashenzari
Cheibriados
Kikubaaqudgha
Ru
Sif Muna
Yredelemnul
The Shining One


Innate Abilities, Weirdness & Mutations

You are too large for most types of armour.
You have claws for hands.
Your natural rate of healing is unusually fast.
You are covered in fur. (AC +1)
You have tough skin. (AC +1)


Message History

The ogre hits you with a +0 giant club!!
There is an open door, spattered with blood here.
You scratch the ogre.
The ogre is lightly wounded.
The ogre hits you with a +0 giant club!!
* * * LOW HITPOINT WARNING * * *
You are too injured to fight recklessly!
You are too injured to fight recklessly!
You are too injured to fight recklessly!
You are too injured to fight recklessly!
You are too injured to fight recklessly!
You are too injured to fight recklessly!
You are too injured to fight recklessly!
You are too injured to fight recklessly!
You are too injured to fight recklessly!
You are too injured to fight recklessly!
You are too injured to fight recklessly!
You are too injured to fight recklessly!
An adder comes into view.
The adder hisses angrily.
There is an open door here.
The adder bites you but does no damage. The adder bites you but does no damage.
The adder bites you.
There is a stone staircase leading up here.
The ogre hits you with a +0 giant club!!
* * * LOW HITPOINT WARNING * * *
The adder bites you but does no damage.
You climb upwards.
There is a stone staircase leading down here.
The adder closely misses you. The adder bites you.
* * * LOW HITPOINT WARNING * * *
You are poisoned.
The adder poisons you!
It was a potion of haste.
You feel yourself speed up.
You feel sick. The adder bites you.
* * * LOW HITPOINT WARNING * * *
The ogre hits you with a +0 giant club!
You die...

### #......#
##.####.......
##..##.........
#####........##....
##.............####.
#......##.....## ##
##.........#..#
#...O....#.####
#..@S>##.....#######
##.....##..#...##....
#.......##.#...#.....
###......####......##
##.....# #...#....
###.### ###...... #.#
##..... ### ####..
##.


You could see an ogre and an adder.

Vanquished Creatures
  An ogre (D:5)
  A scorpion (D:3)
  A wyvern zombie (D:5)
  A bullfrog zombie (D:5)
  A centaur skeleton (D:4)
  2 orc wizards (D:4)
  A hound skeleton (D:4)
  3 adders
  2 adder skeletons
  2 dart slugs
  5 orcs
  6 endoplasms
  3 giant cockroaches
  3 goblins
  3 hobgoblins
  7 jackals
  A quokka (D:2)
  6 ball pythons
  3 bats
  5 frilled lizards
  5 kobolds
62 creatures vanquished.

Notes
Turn   | Place    | Note
-------+----------+-------------------------------------------
     0 | D:1      | Descartes the Troll Warper began the quest for the Orb.
     0 | D:1      | Reached XP level 1. HP: 19/19 MP: 1/1
    51 | D:1      | Reached skill level 1 in Throwing
    77 | D:1      | Found a faded altar of an unknown god.
   152 | D:1      | Reached XP level 2. HP: 28/28 MP: 2/2
   431 | D:1      | Prayed at the altar of an unknown god.
   431 | D:1      | Became a worshipper of the Shining One
   431 | D:1      | Reached * piety under the Shining One
  1009 | D:3      | Reached XP level 3. HP: 30/35 MP: 3/3
  1054 | D:3      | Found a broken altar of Ashenzari.
  1112 | D:3      | Found a sacrificial altar of Ru.
  1112 | D:3      | Found a shimmering blue altar of Sif Muna.
  1306 | D:3      | Noticed a scorpion
  1315 | D:3      | Killed a scorpion
  1316 | D:3      | Reached skill level 3 in Unarmed Combat
  1316 | D:3      | Reached XP level 4. HP: 32/42 MP: 4/4
  1574 | D:4      | Identified the +2 hat "Juun Mesh" {Fly rF+ rC+ Will-}
  1581 | D:4      | Found an ancient bone altar of Kikubaaqudgha.
  1626 | D:4      | Found a snail-covered altar of Cheibriados.
  1634 | D:4      | Reached XP level 5. HP: 49/49 MP: 5/5
  1700 | D:4      | Reached skill level 1 in Shields
  1741 | D:4      | Reached ** piety under the Shining One
  1759 | D:4      | Found a basalt altar of Yredelemnul.
  2049 | D:5      | Entered Level 5 of the Dungeon
  2070 | D:5      | Reached XP level 6. HP: 49/59 MP: 6/6
  2131 | D:5      | Reached skill level 4 in Unarmed Combat
  2217 | D:5      | HP: 2/59 [ogre/+0 giant club (27)]
  2221 | D:4      | Demolished by an ogre

Illustrated notes

Levels and vault maps discovered:
D:1:      wander_arrival_lonely_grave, layout_rooms,
          ebering_ecumenical_altar_petrified, amcnicky_mini_pool_small,
          dk_noncrumbling_4
D:2:      layout_basic
D:3:      layout_rooms, ashenzari_conservatory_becter,
          gammafunk_temple_overflow_pools
D:4:      layout_cave_pools, lemuel_tele_altar, mainiacjoe_overflow_brackets,
          mainiacjoe_overflow_24_doors
D:5:      layout_gridville, minmay_temple_entry_waves

Skill      XL: |  1  2  3  4  5  6 |
---------------+-------------------+-----
Throwing       | 1 2 |  2.4
Dodging        | 2 |  2.8
Fighting       | 2 |  2.6
Unarmed Combat | 3 4 |  4.2
Shields        | 1 |  1.6
Spellcasting   | |  1.2
Translocations | |  2.9

Action                   |  1- 3 |  4- 6 || total
-------------------------+-------+-------++-------
Melee: Unarmed           |    83 |    72 ||   155
  Use: Potion            |       |     1 ||     1
Armor: Robe              |    32 |    30 ||    62
Dodge: Dodged            |    40 |    35 ||    75
